 Dungeon Crawl Stone Soup version 0.17-a0-1987-gaf5a542 (webtiles) character file.

142 4thArraOfDagon the Chopper (level 5, 0/50 HPs)
             Began as a Naga Berserker on Oct 6, 2015.
             Was a Follower of Trog.
             Slain by a jackal (2 damage)
             ... on level 4 of the Dungeon.
             The game lasted 00:02:33 (412 turns).

4thArraOfDagon the Chopper (Naga Berserker)          Turns: 412, Time: 00:02:33

Health: 0/50       AC:  3    Str: 20    XL:     5   Next: 24%
Magic:  5/5        EV:  9    Int:  8    God:    Trog [*.....]
Gold:   84         SH:  0    Dex: 10    Spells: 0 memorised, 4 levels left

rFire  . . .     SeeInvis +     a - +0 hand axe
rCold  . . .     Clarity  .     e - -1 ring mail (curse)
rNeg   + . .     SustAt   .     (no shield)
rPois  +         Gourm    .     (no helmet)
rElec  .         Spirit   .     (no cloak)
rCorr  .         Warding  +     (no gloves)
rMut   .         Stasis   .     (no barding)
MR     .....                    f - amulet of warding
Stlth  ..........               (no ring)
                                (no ring)

@: very slightly contaminated, invisible, very slow, not resistant to hostile
enchantments, extremely unstealthy
A: see invisible, deformed body, poison resistance, slowness 2, slow metabolism
1, spit poison 2, AC +1
a: Spit Poison, Burn Spellbooks, Berserk, Renounce Religion


You were on level 4 of the Dungeon.
You worshipped Trog.
Trog was aware of your devotion.
You were not hungry.

You visited 1 branch of the dungeon, and saw 5 of its levels.
You also visited: Sewer.

You collected 84 gold pieces.

Inventory:

Hand Weapons
 a - a +0 hand axe (weapon)
Armour
 e - a cursed -1 ring mail (worn)
Jewellery
 f - an amulet of warding (around neck)
Scrolls
 b - 2 scrolls of identify
 d - a scroll of teleportation {unknown}
 h - 2 scrolls of fog
 j - a scroll of recharging {unknown}
Comestibles
 c - a bread ration
 g - 3 chunks of flesh


   Skills:
 + Level 3.8 Fighting
 * Level 4.7 Axes
 + Level 2.3 Armour
 - Level 1.5 Dodging


You had 4 spell levels left.
You didn't know any spells.

Dungeon Overview and Level Annotations

Branches:
Dungeon (5/15)
 Temple: D:4-7

Altars:

Annotations:
D:4 Dowan, Duvessa


Innate Abilities, Weirdness & Mutations

You cannot wear boots.
Your serpentine skin is tough (AC +1).
You have supernaturally acute eyesight.
Armour fits poorly on your strangely shaped body.
Your system is resistant to poisons.
You cover ground very slowly.
You have a slow metabolism.
You can spit poison.


Message History

Duvessa seems to speed up.
Found 14 gold pieces.
A jackal comes into view.
Drink which item? (? for menu, Esc to quit)
It was a potion of invisibility.
You fade into invisibility!
The jackal barks!
Dowan gestures at you while chanting. You resist with some effort.
You are very lightly contaminated with residual magic.
Unknown command.
Unknown command.
Unknown command.
The jackal barks!
Dowan points at the jackal and mumbles some strange words.
The puff of frost misses the jackal.
Duvessa hits you with a short sword of holy wrath!
* * * LOW HITPOINT WARNING * * *
The jackal bites you.
You die...

#.........##
#..........#
#...>....#.#
#........#.###
##########...##
###..## #..##
##..##### #
#....
##.....#....
#.##.
#...@....... #.
#...e.h...$..
...
#....e.hh....
#...
......>........
#.##
..........h...)
.
................
................
...#...........


You could see Duvessa, Dowan and 4 jackals.

Vanquished Creatures
  A crocodile (Sewer)
  A worker ant (D:5)
  4 adders (D:5)
  3 giant cockroaches
  A hobgoblin (D:3)
  2 jackals (Sewer)
  A ball python (D:4)
  5 kobolds
  A rat (D:1)
19 creatures vanquished.

Notes
Turn   | Place    | Note
--------------------------------------------------------------
     0 | D:1      | 4thArraOfDagon the Naga Berserker began the quest for the Orb.
     0 | D:1      | Reached XP level 1. HP: 21/21 MP: 1/1
   122 | D:5      | Entered Level 5 of the Dungeon
   124 | D:5      | Found a glowing drain.
   157 | D:5      | Noticed a worker ant
   161 | D:5      | Killed a worker ant
   161 | D:5      | Reached XP level 2. HP: 28/28 MP: 2/2
   161 | D:5      | Reached XP level 3. HP: 34/34 MP: 3/3
   197 | D:5      | Noticed a phantom
   207 | D:5      | Reached skill level 4 in Axes
   208 | D:5      | Reached XP level 4. HP: 29/42 MP: 4/4
   235 | Sewer    | Entered a sewer
   265 | Sewer    | Acquired Trog's second power
   302 | Sewer    | Noticed a crocodile
   311 | Sewer    | Killed a crocodile
   311 | Sewer    | Reached XP level 5. HP: 6/50 MP: 5/5
   409 | D:4      | Noticed Dowan
   409 | D:4      | Noticed Duvessa
   412 | D:4      | HP: 2/50 [Duvessa/short sword of holy wrath (7)]
   412 | D:4      | Slain by a jackal

Vault maps used:
D:1:      lightli_arrival_boilingwater, grunt_decor_mini_mirrors
D:2:      grunt_decor_one_mirror
D:3:      cheibrodos_ashenzari_chains, uniq_terence, uniq_iyjb, uniq_sigmund
D:4:      first_bread, uniq_duvessa
D:5:      lemuel_insect_pit, lemuel_doored_altar, gup_sewer_entry_glass,
          uniq_grinder
Sewer:    sewer_the_crocodile

Action                   |  1- 3 |  4- 6 || total
-------------------------+-------+-------++-------
Melee: Hand axe          |    13 |    39 ||    52
Invok: Berserk           |     2 |     1 ||     3
       Trog's Hand       |       |     2 ||     2
 Abil: Spit Poison       |     4 |     3 ||     7
  Use: Scroll            |     2 |       ||     2
       Potion            |       |     2 ||     2
  Eat: Chunk             |       |     2 ||     2
